 Dungeon Crawl Stone Soup version 0.30.0-30-g96aa6591b8 (webtiles) character file.

Game seed: 15869433852251202169

572 Labrat the Conjurer (level 7, -7/46 HPs)
             Began as a Human Conjurer on June 26, 2023.
             Mangled by an ice devil (15 damage)
             ... summoned by a kobold demonologist
             ... on level 6 of the Dungeon.
             The game lasted 00:06:13 (4004 turns).

Labrat the Conjurer (Human Conjurer)                Turns: 4004, Time: 00:06:14

Health: -7/46      AC:  5    Str:  7    XL:     7   Next: 61%
Magic:  7/14       EV: 12    Int: 21    God:
Gold:   209        SH:  0    Dex: 11    Spells: 13/16 levels left

rFire   + . .        (no weapon)
rCold   . . .        (no shield)
rNeg    . . .        a - +0 robe
rPois   .            (no helmet)
rElec   .            c - +0 cloak
rCorr   .            e - +0 pair of gloves
SInv    .            m - +0 pair of boots
Will    +....        (no amulet)
Stlth   ++           w - ring of willpower
HPRegen 0.27/turn    t - ring of protection from fire
MPRegen 0.14/turn

%: no passive effects
@: no status effects
A: no striking features
a: no special abilities


You were on level 6 of the Dungeon.
You visited 1 branch of the dungeon, and saw 5 of its levels.

You collected 209 gold pieces.

Inventory:

Missiles
 q - 5 poisoned darts
Armour
 a - a +0 robe (worn)
 c - a +0 cloak (worn)
 e - a +0 pair of gloves (worn)
 m - a +0 pair of boots (worn)
Jewellery
 t - a ring of protection from fire (right hand)
 v - an amulet of faith
 w - a ring of willpower (left hand)
Wands
 j - a wand of roots (12)
 k - a wand of digging (5)
Scrolls
 d - a scroll of enchant armour {unknown}
 l - a scroll of brand weapon {unknown}
 o - a scroll of immolation {unknown}
 r - a scroll of teleportation {unknown}
 u - a scroll of blinking {unknown}
 y - a scroll of identify {unknown}
Potions
 b - 4 potions of magic
 f - a potion of might {unknown}
 g - 2 potions of invisibility {unknown}
 h - a potion of attraction {unknown}
 i - 2 potions of degeneration {unknown}
 n - a potion of ambrosia {unknown}
 p - a potion of heal wounds {unknown}
 s - a potion of mutation {unknown}
 x - a potion of haste {unknown}


   Skills:
 - Level 2.0 Dodging
 - Level 2.0 Stealth
 + Level 5.2 Spellcasting
 + Level 6.7 Conjurations


You had 13 spell levels left.
You knew the following spells:

 Your Spells              Type           Power      Damage    Failure   Level
a - Magic Dart            Conj           100%       1d8       1%          1
b - Searing Ray           Conj           66%        2d6       1%          2

Your spell library contained the following spells:

 Spells                   Type           Power      Damage    Failure   Level
 Dazzling Flash           Conj/Hex       38%        N/A       8%          3
 Fulminant Prism          Conj/Hex       9%         3d7       26%         4
 Iskenderun's Mystic Bla  Conj/Tloc      19%        2d6       26%         4
 Volatile Blastmotes      Fire/Tloc      10%        2d10      32%         3
 Lee's Rapid Deconstruct  Erth           2%         3d5*      96%         5


Dungeon Overview and Level Annotations

Branches:
Dungeon (4/15)
 Temple: D:4-7

Altars:


Message History

The searing ray hits the centaur.
The centaur is moderately wounded.
The searing ray hits the kobold demonologist.
The kobold demonologist is lightly wounded.
The kobold demonologist shouts!
The centaur barely misses you. The centaur closely misses you.
The searing ray hits the centaur.
The centaur is heavily wounded.
The searing ray hits the kobold demonologist!
The kobold demonologist is moderately wounded.
The centaur hits you.
The centaur kicks you but does no damage.
The centaur hits you.
The centaur kicks you but does no damage.
The kobold demonologist casts a spell.
The searing ray hits the centaur!
The centaur is almost dead.
The searing ray hits the kobold demonologist but does no damage.
The kobold demonologist is moderately wounded.
You finish channelling your searing ray.
The centaur barely misses you.
The centaur kicks you but does no damage.
The ice devil hits you. The ice devil freezes you!!
Casting: Searing Ray (safe; 1% risk of failure)
Confirm with . or Enter, or press ? or * to list all spells.
Aiming: Searing Ray (safe; 1% risk of failure)
Press: ? - help, Shift-Dir - straight line, f/p - centaur
Aim: a centaur (almost dead, 88% to hit)
The searing ray hits the centaur but does no damage.
The centaur is almost dead.
The searing ray misses the kobold demonologist. (Press . to maintain the ray.)
The centaur barely misses you.
The centaur kicks you but does no damage.
The centaur barely misses you.
The centaur kicks you but does no damage.
The ice devil hits you!
* * * LOW HITPOINT WARNING * * *
The ice devil freezes you!
You die...

######......#
#>. #.........##
####
##.........#
#..........#
#.####..####.#
###.###.........
.........#.#####
.###.###...#
..#.4@#..# ..
##c###..# . #K#
#..# #[# #...
#.# #... ..# ...
##. .. #


You could see an ice devil (summoned), a kobold demonologist and a centaur.

Vanquished Creatures
  Grinder (D:3)
  2 scorpions (D:4)
  A jelly (D:6)
  A hound (D:4)
  An iguana (D:4)
  Ijyb (D:3)
  5 gnolls (D:4)
  5 adders
  3 dart slugs
  5 ball pythons
  3 bats
  7 endoplasms
  2 giant cockroaches
  9 hobgoblins
  2 quokkas
  A frilled lizard (D:2)
  6 goblins
  5 kobolds
  5 rats
65 creatures vanquished.

Notes
Turn   | Place    | Note
-------+----------+-------------------------------------------
     0 | D:1      | Labrat the Human Conjurer began the quest for the Orb.
     0 | D:1      | Reached XP level 1. HP: 13/13 MP: 3/3
   262 | D:1      | Reached XP level 2. HP: 19/19 MP: 0/5
  1051 | D:1      | Reached XP level 3. HP: 24/24 MP: 3/6
  1343 | D:2      | Learned a level 2 spell: Searing Ray
  1806 | D:3      | Reached XP level 4. HP: 30/30 MP: 4/8
  2036 | D:3      | Noticed Ijyb
  2066 | D:3      | Killed Ijyb
  2366 | D:3      | Found a faded altar of an unknown god.
  2372 | D:3      | Noticed Grinder
  2387 | D:3      | Paralysed by Grinder for 2 turns
  2478 | D:3      | Killed Grinder
  2479 | D:3      | Reached skill level 5 in Conjurations
  2479 | D:3      | Reached XP level 5. HP: 21/35 MP: 5/11
  2479 | D:3      | Reached XP level 6. HP: 25/41 MP: 5/12
  3258 | D:4      | Reached skill level 6 in Conjurations
  3433 | D:4      | Reached XP level 7. HP: 46/46 MP: 7/14
  3668 | D:4      | Reached skill level 5 in Spellcasting
  3928 | D:4      | You fall into a shaft and drop 2 floors!
  4000 | D:6      | Noticed a kobold demonologist
  4003 | D:6      | Noticed an ice devil
  4004 | D:6      | Mangled by an ice devil

Illustrated notes

Levels and vault maps discovered:
D:1:      ebering_trefoil_twist, layout_basic, hangedman_abyss_or_decor_stabs
D:2:      layout_basic, st_stairs_7, dk_vineyard_1, serial_park_tiny_1,
          uniq_natasha, uniq_robin
D:3:      layout_basic, hellmonk_ecumenical_altar_arch_garden,
          chequers_decorated_corner, uniq_grinder, uniq_ijyb
D:4:      layout_rooms
D:6:      gammafunk_wand_slinger, layout_basic, minmay_temple_entry_arrows,
          chequers_big_river, minmay_manual_mail

Skill      XL: |  1  2  3  4  5  6  7 |
---------------+----------------------+-----
Spellcasting   | 4 5 |  5.2
Conjurations   | 5 6 |  6.7
Dodging        | |  2.0
Stealth        | |  2.0

Action                     |  1- 3 |  4- 6 |  7- 9 || total
---------------------------+-------+-------+-------++-------
  Melee: Unarmed           |    19 |    21 |    21 ||    61
         Punch             |       |       |     1 ||     1
   Cast: Magic Dart        |    65 |    47 |    39 ||   151
         Searing Ray       |       |     5 |     7 ||    12
 Armour: Robe              |     4 |     4 |    12 ||    20
  Dodge: Dodged            |    20 |    21 |    31 ||    72
